AoeStats
← BDD || J

Arabia

509009845Analyzed
1v1 RM · 6d ago on Sep 25, 2026· 37m 26s· 2 players
Game mode
Random Map
Map size
Tiny (2 player)
Population
200
Speed
Normal
Resources
Standard
Victory
Conquest
Starting age
Dark Age
Ending age
Imperial Age
RankedLock teamsTeams togetherTeam positionsShared explorationLock speedFull tech treeHidden civsTurbo modeCheats
Victory
Defeat
🇮🇳 Hindustanis · India
1336
+16
🇩🇪 Danes · Germany
1328
-16
BDD || J
6:27 Loom
9:27 Feudal Age
9:30 Man-at-Arms
9:56 Double-Bit Axe
18:59 Fletching
23:44 Castle Age
24:26 Bodkin Arrow
25:11 Elite Skirmisher
33:43 Scale Mail Armor
36:26 Chain Mail Armor
rta
6:00 Loom
9:11 Feudal Age
11:57 Forging
15:39 Fletching
23:08 Castle Age
21:18 Padded Archer Armor
21:15 Double-Bit Axe
21:36 Gold Mining
22:07 Bloodlines
21:59 Horse Collar
22:50 Scale Barding Armor
23:11 Crossbowman
25:26 Light Cavalry
26:54 Bodkin Arrow
29:09 Husbandry
29:51 Iron Casting
33:12 Wheelbarrow
32:23 Town Watch
33:04 Leather Archer Armor
36:58 Stone Mining
Connection lost

Rejoining the realm…

Still unreachable

The connection could not be restored.

Session expired

The server has moved on; the page needs a fresh start.